Unix NetHack Version 3.7.0-101 Work-in-progress - last build Mar 25 2024 11:18:41 (462964f8eaac915e699fc3a71b43428251fec12b,branch:master). Game began 2024-03-31 12:33:52, ended 2024-03-31 13:03:29. elenmirie, neutral female gnomish Archeologist --- ..-- ---- ...| -- ---..| -- ..!--.-- # |....-- --.-- .G.....| -%# --.....---- |....| ----.......- |.## --.........-- ..... |......... |..-- |...........-- .....---....... 0 |...## #-............| -............0 ...r- |....| |............-- |............... --..## --.##.......-| |........@..- |.-# ---##*......-- ---.... |d--- |.-# --.......| -- --- --.| --..| |......-| |.... --------..| |.%.-- ----....| -..............------ |.|..| |...-- -...................----- --.|-.| ------..| -... |.....--------.....---..||.---------......-- --.. ---.....<.--|..--.......------ -- ---...*.| |.....------- ----.-- ------- --- Elenmirie the Field Worker St:11 Dx:10 Co:12 In:19 Wi:16 Ch:9 Neutral Dlvl:5 $:165 HP:0(34) Pw:30(30) AC:4 Xp:5/187 T:2159 Satiated Latest messages: The dwarf hits! You lash the dwarf. You kill the dwarf! You see here a goblin corpse. You find a falling rock trap. You hear an F note squeak in the distance. You hear an F note squeak in the distance. The coyote bites! You kill the coyote! The cave spider misses! You miss the cave spider. The cave spider bites! You miss the cave spider. The cave spider bites! You miss the cave spider. The cave spider bites! You lash the cave spider. The cave spider bites! You miss the cave spider. The cave spider misses! You kill the cave spider! You lash the coyote. The coyote bites! You miss the coyote. The coyote bites! You lash the coyote. The coyote misses! You kill the coyote! You see here a cave spider corpse. You miss the cave spider. The cave spider bites! You miss the cave spider. The cave spider bites! You kill the cave spider! There is a cave spider corpse here; eat it? [ynq] (n) y This cave spider corpse is stringy. You finish eating the cave spider corpse. The little dog bites! The little dog misses! You lash the little dog. The little dog bites! You miss the little dog. The little dog bites! The little dog bites! You die... Do you want your possessions identified? [ynq] (y) y Do you want to see your attributes? [ynq] (y) y Do you want an account of creatures vanquished? [ynaq] (y) y Do you want to see your conduct and achievements? [ynq] (y) y Do you want to see the dungeon overview? [ynq] (y) y Inventory: Coins $ - 165 gold pieces Amulets n - an uncursed amulet of ESP y - an uncursed amulet versus poison (being worn) Weapons a - an uncursed +2 bullwhip (weapon in right hand) Armor c - a blessed +0 fedora (being worn) v - an uncursed +0 elven shield (being worn) m - a blessed +2 oilskin cloak (being worn) b - an uncursed +0 leather jacket (being worn) Comestibles d - 6 uncursed food rations p - an uncursed fortune cookie Rings j - an uncursed ring of see invisible Tools w - an uncursed sack containing 5 items i - an uncursed oil lamp A - an uncursed tallow candle t - an uncursed tinning kit (0:82) x - an uncursed towel Gems/Stones g - an uncursed touchstone Contents of the sack: an uncursed scroll of blank paper an uncursed scroll of earth an uncursed scroll of light 2 uncursed potions of hallucination an uncursed +0 pick-axe Elenmirie the Archeologist's attributes: Background: You were a Field Worker, a level 5 female gnomish Archeologist. You were neutral, nominally on a mission for Camaxtli who was opposed by Quetzalcoatl (lawful) and Huhetotl (chaotic). You were right-handed. You were in the Gnomish Mines, on level 5. You entered the dungeon 2159 turns ago. You had 187 experience points, 133 more were needed to attain level 6. Basics: You had 0 out of 34 hit points. You had all 30 energy points (spell power). Your armor class was 4. Your wallet contained 165 zorkmids. Autopickup was on for '$' plus thrown. Final Characteristics: Your strength was 11 (limit:18/50). Your dexterity was 10 (limit:18). Your constitution was 12 (limit:18). Your intelligence was 19 (limit:19). Your wisdom was 16 (limit:18). Your charisma was 9 (limit:18). Final Status: You were satiated. You were unencumbered. You were wielding a whip. You had basic skill with whip. Final Attributes: You were piously aligned. You were poison resistant. You had automatic searching. You had infravision. You were stealthy. You were guarded. You are dead. Miscellaneous: You never encountered a bones level. Total elapsed playing time was 29 minutes and 36 seconds. Major events: Turn 1: elenmirie the neutral female gnomish Archeologist entered the dungeon 615: attained the rank of Field Worker (level 3) 1948: entered the Gnomish Mines 2159: killed by a little dog Vanquished creatures: a ghost a rock piercer an elf zombie a paper golem a floating eye a dwarf an iguana 2 coyotes 2 hobbits a large kobold 3 cave spiders a yellow mold a gnome a garter snake a gnome zombie 10 jackals 2 foxes 6 goblins 3 grid bugs 4 lichens a kobold zombie 2 newts 47 creatures vanquished. No species were genocided or became extinct. Voluntary challenges: You were an atheist. You were illiterate. You never engraved Elbereth. You never genocided any monsters. You never polymorphed an object. You never changed form. You used no wishes. Achievements: You attained the rank of Field Worker. You entered a shop. You entered the Gnomish Mines. The Dungeons of Doom: levels 1 to 5 Level 1: Level 2: A sink. Level 3: Some fountains. Level 4: Stairs down to The Gnomish Mines. Level 5: The Gnomish Mines: Level 5: <- You were here. Final resting place for you, killed by a little dog. Game over: ---------- / \ / REST \ / IN \ / PEACE \ / \ | elenmirie | | 165 Au | | killed by a | | little dog | | | | | | 2024 | *| * * * | * _________)/\\_//(\/(/\)/\//\/|_)_______ Goodbye elenmirie the Archeologist... You died in The Gnomish Mines on dungeon level 5 with 1625 points, and 165 pieces of gold, after 2159 moves. You were level 5 with a maximum of 34 hit points when you died.